Map: [ESL] Goldenaura

Players

Creator - Winner!

  • Race: Protoss Protoss
  • Spawn Location: 5:00

Lambo

  • Race: Zerg Zerg
  • Spawn Location: 12:00

Event: IEM Katowice 2024

VOD

Have the link to the VOD?

Description

Time

  • Played on: Dec. 9, 2023, 8:08 p.m.
  • Length: 13:38

All games in this series

Show
View Real Time Build Order
Export as new Build Order

Creator Protoss - Winner!

Build Orders: 1 Gate Expand, Oracle Opening 

Get SALT Encoding   

  12  0:00  Probe  
  13  0:13  Pylon  
  13  0:17  Probe (Chrono Boost)  
  14  0:27  Probe (Chrono Boost)  
  15  0:32  Probe (Chrono Boost)  
  16  0:39  Gateway  
  16  0:44  Probe  
  16  0:49  Assimilator  
  17  0:56  Probe  
  18  1:08  Probe  
  19  1:20  Probe  
  20  1:28  Nexus  
  20  1:37  Cybernetics Core  
  20  1:40  Probe  
  20  1:46  Assimilator  
  21  1:52  Probe  
  22  1:55  Pylon  
  22  2:04  Probe  
  23  2:11  Adept (Chrono Boost)  
  25  2:16  Probe  
  25  2:20  Stargate  
  26  2:28  Probe, Warp Gate  
  27  2:31  Adept (Chrono Boost)  
  29  2:40  Probe (Chrono Boost)  
  31  2:46  Probe (Chrono Boost)  
  31  2:50  Probe (Chrono Boost)  
  32  2:53  Adept  
  32  2:54  Probe (Chrono Boost)  
  32  2:55  Probe (Chrono Boost)  
  36  3:04  Oracle (Chrono Boost)  
  36  3:05  Probe  
  37  3:07  Probe  
  41  3:17  Probe  
  41  3:18  Pylon  
  42  3:20  Probe  
  42  3:23  Adept  
  45  3:31  Probe  
  45  3:32  Probe  
  45  3:38  Gateway  
  45  3:39  Oracle (Chrono Boost), Pylon  
  43  3:43  Probe  
  43  3:44  Probe  
  48  3:52  Pylon  
  48  3:55  Probe  
  49  3:56  Probe  
  50  4:07  Probe  
  50  4:08  Probe  
  50  4:09  Oracle  
  55  4:15  Nexus  
  55  4:16  Adept  
  57  4:21  Probe x2  
  59  4:24  Pylon  
  59  4:32  Assimilator  
  59  4:33  Assimilator, Probe  
  59  4:34  Probe  
  61  4:41  Twilight Council  
  61  4:43  Forge  
  61  4:45  Probe  
  61  4:46  Probe  
  63  4:58  Probe x2  
  65  5:01  Gateway x2  
  65  5:04  Gateway  
  65  5:10  Probe x2  
  65  5:13  Shield Battery  
  67  5:17  Protoss Ground Weapons Level 1, Stalker  
  67  5:18  Blink (Chrono Boost)  
  69  5:22  Probe (Chrono Boost)  
  69  5:26  Probe (Chrono Boost)  
  71  5:31  Probe (Chrono Boost), Stalker  
  71  5:33  Probe (Chrono Boost)  
  76  5:38  Probe (Chrono Boost)  
  76  5:39  Probe (Chrono Boost)  
  76  5:40  Probe (Chrono Boost)  
  78  5:43  Probe (Chrono Boost), Stalker  
  78  5:46  Probe  
  78  5:48  Probe  
  83  6:05  Stalker  
  83  6:06  Stalker x3  
  83  6:07  Robotics Facility  
  83  6:09  Pylon  
  83  6:10  Assimilator  
  83  6:11  Stalker, Pylon  
  91  6:14  Assimilator  
  93  6:19  Pylon  
  93  6:20  Photon Cannon  
  93  6:21  Pylon  
  93  6:27  Probe x3  
  93  6:29  Stalker x4  
  104  6:37  Stalker  
  100  6:53  Stalker x4  
  108  6:56  Observer  
  108  6:59  Probe x3  
  112  7:05  Nexus, Robotics Bay  
  112  7:08  Robotics Facility  
  112  7:17  Stalker x2  
  112  7:18  Sentry  
  112  7:19  Pylon  
  118  7:26  Probe x3  
  118  7:28  Pylon  
  121  7:36  Pylon  
  120  7:40  Stalker  
  120  7:41  Protoss Ground Weapons Level 2 (Chrono Boost)  
  122  7:46  Stalker x2  
  126  7:52  Colossus (Chrono Boost)  
  126  7:54  Disruptor (Chrono Boost)  
  136  7:58  Nexus  
  136  8:00  Photon Cannon  
  136  8:03  Shield Battery  
  136  8:05  Photon Cannon  
  136  8:07  Shield Battery  
  136  8:08  Photon Cannon  
  136  8:11  Photon Cannon  
  136  8:17  Sentry x2  
  136  8:19  Shield Battery, Probe  
  142  8:20  Probe x2  
  142  8:22  Disruptor, Charge  
  142  8:24  Phoenix (Chrono Boost)  
  149  8:34  Photon Cannon  
  149  8:36  Pylon x2  
  149  8:38  Stargate  
  149  8:47  Shield Battery  
  149  8:48  Shield Battery  
  149  8:53  Phoenix (Chrono Boost)  
  149  8:54  Probe, Pylon  
  149  8:55  Pylon  
  152  8:57  Stalker x5  
  162  9:06  Shield Battery  
  162  9:12  Photon Cannon  
  164  9:18  Gateway  
  164  9:20  Gateway  
  164  9:21  Sentry, Gateway  
  164  9:22  Templar Archives, Phoenix (Chrono Boost)  
  166  9:25  Phoenix (Chrono Boost)  
  166  9:28  Assimilator  
  166  9:30  Assimilator  
  168  9:34  Probe x2  
  168  9:35  Probe x2  
  178  9:39  Colossus (Chrono Boost)  
  178  9:41  Photon Cannon  
  178  9:43  Pylon  
  178  9:50  Observer  
  178  9:51  Phoenix (Chrono Boost)  
  178  9:52  Zealot x2  
  183  9:54  Protoss Ground Armor Level 1  
  183  9:59  Phoenix (Chrono Boost)  
  181  10:05  Photon Cannon  
  181  10:07  Shield Battery  
  183  10:08  Photon Cannon  
  183  10:10  Pylon  
  183  10:12  Colossus (Chrono Boost)  
  183  10:13  Phoenix (Chrono Boost)  
  187  10:25  Zealot x2  
  187  10:26  Warp Prism (Chrono Boost)  
  193  10:33  High Templar  
  193  10:34  High Templar  
  197  10:37  Photon Cannon  
  197  10:38  Archon  
  197  10:39  Photon Cannon  
  197  10:41  Stalker  
  183  10:59  Stalker x2  
  183  11:00  Stalker x3  
  187  11:05  Stalker x2  
  187  11:07  Colossus  
  191  11:32  High Templar x2  
  189  11:37  Archon  
  189  11:41  Stalker  
  189  11:42  Stalker  
  189  11:46  High Templar, Zealot x2  
  199  11:48  Gateway  
  199  11:50  Gateway  
  199  11:52  High Templar  
  187  12:04  Archon  
  187  12:05  Stalker x4  
  173  12:09  Immortal x2 (Chrono Boost)  
  173  12:11  Stalker x2  
  185  12:21  Zealot  
  185  12:32  High Templar x2, Zealot x3  
  185  12:36  Archon  
  193  12:41  Immortal  
  197  12:46  Stalker  
  189  13:00  High Templar x2  
  189  13:01  Zealot x3  
  199  13:06  Archon  
  199  13:16  Nexus  
  174  13:20  Zealot x2  
  174  13:21  Zealot x4  
  152  13:27  Zealot x2  
Show
View Real Time Build Order
Export as new Build Order

Lambo Zerg 

Build Orders: Hatch First 

Get SALT Encoding   

  12  0:00  Drone  
  13  0:12  Overlord  
  13  0:16  Drone  
  14  0:31  Drone x2  
  16  0:43  Drone  
  17  0:51  Hatchery  
  17  0:55  Drone  
  17  0:59  Drone  
  18  1:09  Extractor  
  17  1:14  Spawning Pool  
  17  1:18  Drone  
  17  1:20  Drone  
  18  1:27  Drone  
  19  1:38  Drone  
  20  1:50  Overlord  
  20  2:00  Queen  
  22  2:04  Queen  
  22  2:05  Zergling x2, Drone  
  26  2:10  Metabolic Boost  
  26  2:11  Zergling x2  
  26  2:14  Drone  
  28  2:21  Drone  
  29  2:25  Drone  
  30  2:31  Drone  
  31  2:39  Queen  
  31  2:41  Drone  
  34  2:48  Hatchery  
  33  2:52  Overlord  
  33  2:57  Zergling x2  
  34  2:58  Zergling x2  
  34  3:00  Drone  
  36  3:08  Overlord  
  36  3:10  Queen  
  36  3:12  Zergling x2  
  39  3:14  Drone  
  39  3:16  Drone  
  41  3:22  Drone x2  
  42  3:28  Drone x3  
  43  3:34  Drone  
  43  3:37  Drone  
  45  3:43  Drone x3  
  48  3:50  Drone x3  
  48  3:51  Drone  
  52  3:56  Spore Crawler  
  52  3:59  Overlord  
  52  4:02  Drone x2  
  53  4:09  Zergling x2  
  53  4:12  Queen  
  53  4:13  Drone x3  
  53  4:16  Spore Crawler  
  57  4:22  Zergling x4  
  63  4:24  Drone x4  
  63  4:30  Queen  
  64  4:33  Drone, Spore Crawler  
  64  4:35  Drone  
  65  4:39  Overlord  
  65  4:40  Overlord  
  65  4:44  Overlord  
  65  4:47  Roach Warren  
  65  4:49  Drone  
  66  4:52  Overlord  
  66  4:55  Overlord  
  66  4:56  Extractor, Overlord  
  66  4:59  Drone x3  
  68  5:00  Extractor  
  68  5:01  Drone  
  68  5:05  Zergling x4  
  70  5:09  Drone x4  
  70  5:14  Lair  
  74  5:15  Drone x2  
  74  5:17  Extractor  
  75  5:23  Drone x6  
  75  5:26  Drone x2  
  75  5:27  Drone  
  84  5:31  Drone  
  85  5:36  Drone x2  
  85  5:37  Drone x3  
  85  5:40  Evolution Chamber  
  85  5:41  Queen  
  91  5:43  Spore Crawler  
  91  5:45  Drone  
  91  5:46  Overlord  
  91  5:53  Drone  
  91  5:55  Drone  
  92  5:57  Extractor, Overlord  
  92  5:58  Extractor  
  92  6:01  Hatchery  
  92  6:04  Drone x3  
  86  6:05  Drone x4  
  86  6:08  Roach  
  92  6:13  Roach x3  
  92  6:18  Zerg Melee Weapons Level 1  
  98  6:20  Roach x2  
  98  6:24  Roach x3  
  108  6:26  Glial Reconstitution  
  108  6:28  Roach  
  108  6:29  Zergling x4  
  112  6:35  Spire  
  112  6:36  Overlord  
  112  6:39  Overlord  
  110  6:42  Zergling x12  
  110  6:45  Ravager  
  115  6:48  Zergling x2  
  114  6:54  Zergling x10  
  114  6:57  Hatchery  
  114  7:01  Zergling x10  
  122  7:06  Zergling x4  
  124  7:13  Zergling x10  
  128  7:18  Overseer  
  128  7:21  Baneling Nest  
  128  7:22  Overlord  
  127  7:23  Zergling x6  
  127  7:24  Overlord  
  127  7:27  Overlord  
  129  7:32  Overlord  
  129  7:34  Overlord  
  129  7:35  Overlord  
  129  7:38  Hatchery  
  129  7:42  Drone  
  127  7:48  Mutalisk x4, Zerg Flyer Weapons Level 1  
  135  7:53  Mutalisk x2  
  137  7:59  Mutalisk x4  
  137  8:01  Mutalisk  
  137  8:04  Mutalisk  
  149  8:08  Mutalisk  
  149  8:11  Drone x5  
  156  8:13  Mutalisk  
  158  8:21  Mutalisk  
  158  8:24  Zergling x14  
  167  8:27  Drone  
  167  8:28  Drone  
  167  8:29  Extractor, Overlord  
  167  8:38  Drone x5, Centrifugal Hooks  
  172  8:43  Extractor  
  172  8:48  Roach, Overlord x2  
  173  8:50  Zerg Melee Weapons Level 2  
  173  8:51  Drone x4  
  173  8:52  Overlord  
  173  8:54  Overlord  
  177  8:57  Overlord  
  177  9:00  Overlord  
  177  9:02  Overlord  
  176  9:06  Infestation Pit, Overlord  
  176  9:09  Drone  
  177  9:10  Drone x2  
  177  9:12  Roach x3  
  190  9:17  Roach x3  
  190  9:20  Ravager x2  
  192  9:26  Baneling x7  
  192  9:29  Zergling x16  
  200  9:38  Baneling x13  
  200  9:45  Hive  
  200  9:49  Baneling x8  
  200  9:56  Hatchery  
  200  9:58  Zergling x2  
  200  10:06  Zergling x6, Hydralisk Den  
  199  10:22  Pneumatized Carapace, Spine Crawler  
  199  10:27  Baneling x14  
  196  10:30  Zergling x12  
  196  10:34  Spore Crawler  
  198  10:47  Zergling x2  
  198  10:48  Zergling x6  
  195  10:58  Zergling x12  
  195  11:02  Baneling x15  
  199  11:06  Zerg Missile Weapons Level 1  
  199  11:07  Zergling x4  
  199  11:11  Zergling x4  
  199  11:18  Adrenal Glands  
  196  11:25  Zergling x10  
  200  11:30  Zergling x18  
  199  11:39  Zergling x20  
  200  11:49  Muscular Augments  
  195  11:56  Viper x3  
  195  11:58  Zergling x2  
  195  11:59  Zergling x32  
  190  12:03  Zergling x4, Roach x9  
  190  12:06  Zergling x2  
  186  12:09  Zergling x8  
  186  12:10  Zergling x8  
  186  12:14  Baneling x12  
  186  12:15  Zergling x2  
  189  12:19  Baneling  
  189  12:21  Zergling x2  
  189  12:22  Zergling x14  
  195  12:29  Zergling x8  
  190  12:35  Zergling x2  
  178  12:41  Baneling x7, Spine Crawler  
  178  12:43  Zergling x10  
  186  12:44  Extractor  
  186  12:46  Extractor  
  182  12:57  Zergling x20  
  181  13:03  Baneling x9  
  181  13:04  Zergling x2  
  181  13:05  Zergling x10  
  185  13:06  Baneling x12  
  185  13:12  Zergling x4  
  187  13:17  Zergling x8  
  187  13:19  Roach  

Tags
 
Add a new tag
Caveats
  • Supply blocks, unpowered buildings, or Contaminate may cause inaccurate times.
  • Supply counts are checked every 10 seconds.